 Dungeon Crawl Stone Soup version 0.18-a0-1649-g8d9735b (webtiles) character file.

4049 Sargon the Cleaver (level 10, -19/124 HPs)
             Began as a Formicid Fighter on Mar 29, 2016.
             Was an Elder of Cheibriados.
             Demolished by a very large slime creature (38 damage)
             ... on level 13 of the Dungeon.
             The game lasted 00:21:12 (5852 turns).

Sargon the Cleaver (Formicid Fighter)               Turns: 5852, Time: 00:21:12

Health: -19/124    AC: 25    Str: 30    XL:     10   Next: 48%
Magic:  10/10      EV:  2    Int: 17    God:    Cheibriados [****..]
Gold:   405        SH: 12    Dex: 27    Spells: 0 memorised, 9 levels left

rFire  x . .     SeeInvis .     A - +2 war axe (chop)
rCold  + . .     Gourm    .     (armour currently unavailable)
rNeg   + + +     Faith    .     c - +0 shield
rPois  +         Spirit   .     (helmet unavailable)
rElec  .         Dismiss  .     (cloak currently unavailable)
rCorr  .         Reflect  .     (gloves currently unavailable)
SustAt .         Harm     .     (boots currently unavailable)
MR     +....                    (no amulet)
Stlth  +++.......               x - ring of ice
                                v - ring of poison resistance

@: agile, tree-form, very slow, somewhat resistant to hostile enchantments,
fairly stealthy
A: permanent stasis, dig shafts and tunnels, four strong arms, (antennae 0)
a: Bend Time, Temporal Distortion, Slouch, Renounce Religion


You were on level 13 of the Dungeon.
You worshipped Cheibriados.
Cheibriados was greatly pleased with you.
You were very hungry.
You were a tree.
You visited 1 branch of the dungeon, and saw 10 of its levels.

You collected 405 gold pieces.

Inventory:

Hand Weapons
 A - a +2 war axe of chopping (weapon)
Missiles
 b - 2 tomahawks of returning (quivered)
Armour
 c - a +0 shield (worn)
 s - a +0 plate armour (melded)
 E - a +0 cloak (melded)
Jewellery
 v - a ring of poison resistance (left branch)
 x - a ring of ice (right branch)
 J - an uncursed amulet of faith {unknown}
 L - an uncursed ring of protection from magic {unknown}
Wands
 t - a wand of flame (13/48)
 G - a wand of lightning (7/15)
 H - a wand of flame (29/48)
 I - a wand of hasting (3/9)
 K - a wand of acid (7/15)
 O - a wand of flame (29/48)
Scrolls
 e - a scroll of random uselessness {unknown}
 g - 3 scrolls of blinking {unknown}
 i - 2 scrolls of immolation {unknown}
 j - 5 scrolls of enchant weapon {unknown}
 l - 4 scrolls of remove curse {unknown}
 q - 3 scrolls of amnesia {unknown}
 w - 7 scrolls of identify {unknown}
 y - 2 scrolls of teleportation {unknown}
 z - a scroll of fear {unknown}
 C - 2 scrolls of fog {unknown}
 F - 2 scrolls of recharging {unknown}
Potions
 d - 2 potions of might
 h - a potion of curing
 o - a potion of magic
 u - a potion of agility
Books
 a - a Necronomicon

   Spells                             Type                      Level
   a - Haunt                          Necromancy/Summoning         7
   b - Borgnjor's Revivification      Necromancy                   8
   c - Death's Door                   Charms/Necromancy            8
   d - Necromutation                  Transmutation/Necromancy     8
 D - a book of Envenomations

   Spells                             Type                      Level
   a - Spider Form                    Transmutation/Poison         3
   b - Olgreb's Toxic Radiance        Poison                       4
   c - Alistair's Intoxication        Transmutation/Poison         5
   d - Poisonous Cloud                Conjuration/Poison/Air       6
Comestibles
 f - 5 bread rations
 k - 10 fruits
 m - 3 slices of pizza
 n - a royal jelly
 p - 2 beef jerkies
 B - 3 meat rations


   Skills:
 - Level 9.4 Fighting
 - Level 10.0 Axes
 + Level 8.5 Armour
 - Level 3.6 Shields


You had 9 spell levels left.
You didn't know any spells.

Dungeon Overview and Level Annotations

Branches:
Dungeon (10/15)            Temple (0/1) D:7
   Lair: D:8-11         Orc: D:9-12

Altars:
Cheibriados
Dithmenos
Fedhas
Gozag
Kikubaaqudgha
Nemelex Xobeh
Okawaru
Pakellas
Qazlal
Trog

Annotations:
D:8 bl4d3's ghost, novice TrMo
D:10 Urug


Innate Abilities, Weirdness & Mutations

You are under a permanent stasis effect.
You can dig through walls and to a lower floor.
Your four strong arms can wield two-handed weapons with a shield.
((You have a pair of large antennae on your head (SInv).))


Message History

You block the very large slime creature's attack.
Drink which item? (? for menu, Esc to quit)
You feel better.
The very large slime creature hits you!!
* * * LOW HITPOINT WARNING * * *
Okay, then.
Okay, then.
Okay, then.
Read which item? (? for menu, Esc to quit)
Okay, then.
Okay, then.
Unknown command.
You slash the very large slime creature!
The very large slime creature is lightly wounded.
The very large slime creature hits you.
* * * LOW HITPOINT WARNING * * *
Your shield prevents you from hitting the very large slime creature.
The very large slime creature is lightly wounded.
The very large slime creature hits you!!!
You die...

##### ....########
......)....#
###.######.#######
#.# #.....((((.#
## #.#
#.######)#♣# . ...
# #.#J#.# ...
#(#.#.## #....
#.#....### ##.
#........#
###....#... #.#.##
## ..$.# #.###


You could see a very large slime creature.

Vanquished Creatures
  An unseen horror (D:13)
  A cyclops (D:7)
  A komodo dragon (D:13)
  2 two-headed ogres
  A wyvern (D:10)
  A black bear (D:5)
  A phantom (D:5)
  A sky beast (D:7)
  2 ogres
  4 centaurs
  The ghost of M4edhros the Ducker, an amateur OpFi (D:3)
  2 giant frogs
  3 scorpions
  4 wights (D:6)
  2 howler monkeys (D:7)
  A crimson imp (D:5)
  5 hounds
  3 centaur skeletons
  4 orc wizards
  A giant frog skeleton (D:8)
  Ijyb (D:3)
  6 worker ants
  A hound zombie (D:5)
  A worker ant zombie (D:6)
  8 adders
  An ooze (D:1)
  An adder skeleton (D:5)
  4 worms
  A dart slug (D:2)
  4 giant geckos
  20 orcs
  2 giant cockroaches (D:3)
  9 hobgoblins
  5 quokkas
  7 bats
  7 giant newts
  9 goblins
  A jackal zombie (D:5)
  4 kobolds
  2 quokka skeletons
  4 rats
139 creatures vanquished.

Vanquished Creatures (others)
  An adder (D:2)
  A quokka (D:2)
2 creatures vanquished.

Grand Total: 141 creatures vanquished

Notes
Turn   | Place    | Note
--------------------------------------------------------------
     0 | D:1      | Sargon the Formicid Fighter began the quest for the Orb.
     0 | D:1      | Reached XP level 1. HP: 18/18 MP: 1/1
   116 | D:1      | Reached XP level 2. HP: 24/24 MP: 2/2
   166 | D:1      | Reached skill level 3 in Axes
   480 | D:1      | You fall through a shaft!
   526 | D:2      | Reached XP level 3. HP: 24/29 MP: 3/3
   560 | D:2      | Found a snail-covered altar of Cheibriados.
   572 | D:2      | Found an ancient bone altar of Kikubaaqudgha.
   597 | D:2      | Became a worshipper of Cheibriados the Contemplative
   729 | D:2      | Found a stormy altar of Qazlal.
   822 | D:2      | Found a faded altar to an unknown god.
   836 | D:2      | Reached skill level 4 in Axes
   836 | D:2      | Reached XP level 4. HP: 32/35 MP: 4/4
  1089 | D:3      | Noticed Ijyb
  1164 | D:3      | Killed Ijyb
  1332 | D:3      | Reached * piety under Cheibriados
  1427 | D:3      | Found a sparkling altar of Nemelex Xobeh.
  1452 | D:3      | Reached XP level 5. HP: 40/41 MP: 5/5
  1488 | D:3      | Found a bloodstained altar of Trog.
  1521 | D:3      | Reached skill level 5 in Axes
  1631 | D:3      | Found an opulent altar of Gozag.
  1793 | D:3      | Noticed M4edhros's ghost (amateur OpFi)
  1808 | D:3      | Killed M4edhros's ghost
  1808 | D:3      | Reached skill level 6 in Axes
  1808 | D:3      | Reached XP level 6. HP: 29/47 MP: 6/6
  2266 | D:4      | Noticed an ogre
  2279 | D:4      | Killed an ogre
  2279 | D:4      | Reached ** piety under Cheibriados
  2279 | D:4      | Reached skill level 7 in Axes
  2279 | D:4      | Reached XP level 7. HP: 21/52 MP: 7/7
  2785 | D:5      | Entered Level 5 of the Dungeon
  2847 | D:5      | Reached skill level 8 in Axes
  2875 | D:5      | Reached XP level 8. HP: 30/58 MP: 8/8
  2912 | D:5      | Found a blossoming altar of Fedhas.
  2937 | D:5      | Reached skill level 9 in Axes
  3201 | D:5      | Found a shadowy altar of Dithmenos.
  3463 | D:5      | Reached *** piety under Cheibriados
  3628 | D:5      | Found an oddly glowing altar of Pakellas.
  3823 | D:6      | Reached skill level 10 in Axes
  4079 | D:6      | Reached XP level 9. HP: 63/67 MP: 9/9
  4120 | D:6      | Reached skill level 5 in Fighting
  4528 | D:7      | Reached **** piety under Cheibriados
  4562 | D:7      | Found a staircase to the Ecumenical Temple.
  4651 | D:7      | Noticed a cyclops
  4656 | D:7      | Killed a cyclops
  5116 | D:8      | Found an iron altar of Okawaru.
  5124 | D:8      | Noticed a two-headed ogre
  5130 | D:8      | Killed a two-headed ogre
  5176 | D:8      | Noticed bl4d3's ghost (novice TrMo)
  5185 | D:8      | You fall through a shaft for 2 floors!
  5185 | D:10     | Entered Level 10 of the Dungeon
  5193 | D:10     | Reached XP level 10. HP: 20/83 MP: 6/10
  5478 | D:10     | Noticed Urug
  5492 | D:10     | You fall through a shaft for 3 floors!
  5720 | D:13     | Noticed an unseen horror
  5749 | D:13     | Killed an unseen horror
  5822 | D:13     | Noticed a komodo dragon
  5827 | D:13     | Killed a komodo dragon
  5852 | D:13     | Demolished by a very large slime creature

Vault maps used:
D:1:      erik_arrival_triangle_small, serial_bayou_crossing
D:2:      nicolae_qazlal_eye_of_the_storm, nicolae_overflow_hidden_temple,
          ecumenical_altar_2
D:3:      nemelex_xobeh_ov_fountains_minmay, bloody_trog, grunt_gozag_statues,
          uniq_iyjb
D:4:      first_bread
D:5:      lemuel_crystal_altar, nicolae_overflow_crystal_walls, basic_altar
D:7:      minmay_temple_entry_junction, corexii_item_surrounded_by_moat
D:8:      lemuel_zombie_altar_yredelemnul, old_standard_altar,
          kennysheep_generic_room_16
D:10:     uniq_grum, uniq_josephine, uniq_urug

Skill      XL: |  1  2  3  4  5  6  7  8  9 10 |
---------------+-------------------------------+-----
Axes           | 3 4 6 7 8 10 | 10.0
Fighting       | 4 9 |  9.4
Armour         | 4 8 |  8.5
Shields        | |  3.6

Action                   |  1- 3 |  4- 6 |  7- 9 | 10-12 || total
-------------------------+-------+-------+-------+-------++-------
Melee: War axe           |    86 |   140 |   231 |    33 ||   490
Invok: Bend Time         |       |       |     1 |     1 ||     2
 Abil: Shaft Self        |     1 |       |     1 |     1 ||     3
       Dig               |     1 |       |       |       ||     1
  Use: Potion            |       |       |       |     6 ||     6
  Eat: Chunk             |       |     4 |     5 |     1 ||    10
